 Dungeon Crawl Stone Soup version 0.29.0-11-gd7f09526c8 (webtiles) character file.

Game seed: 11330528333885222104

79 lightspider the Trooper (level 4, -7/36 HPs)
             Began as a Demonspawn Abyssal Knight on Sept 5, 2022.
             Was a Priest of Lugonu.
             Killed by nerve-wracking pain
             ... invoked by Jessica
              (13 damage)
             ... on level 2 of the Dungeon.
             The game lasted 00:07:03 (2686 turns).

lightspider the Trooper (Demonspawn Abyssal Knight) Turns: 2686, Time: 00:07:05

Health: -7/36      AC:  3    Str: 16    XL:     4   Next: 16%
Magic:  5/5        EV: 11    Int: 11    God:    Lugonu [***...]
Gold:   1123       SH:  0    Dex: 13    Spells: 3/3 levels left

rFire   . . .      SeeInvis .   a - +2 falchion
rCold   . . .      Faith    .   (no shield)
rNeg    . . .      Spirit   .   b - +0 leather armour
rPois   .          Reflect  .   (helmet restricted)
rElec   .          Harm     .   (no cloak)
rCorr   .          Rampage  .   (no gloves)
Will    .....                   (no boots)
Stlth   +.........              (no amulet)
HPRegen 0.12/turn               (no ring)
MPRegen 0.09/turn               (no ring)

@: invisible
A: antennae 1
a: Renounce Religion, Depart the Abyss, Bend Space, Banish


You were on level 2 of the Dungeon.
You worshipped Lugonu.
Lugonu was most pleased with you.
You visited 1 branch of the dungeon, and saw 2 of its levels.
You visited the Abyss 1 time.

You collected 1123 gold pieces.

Inventory:

Hand Weapons
 a - a +2 falchion (weapon)
 c - a +1 rapier of draining
 d - a +1 vampiric dagger
Armour
 b - a +0 leather armour (worn)
Jewellery
 e - an amulet of magic regeneration
Scrolls
 i - a scroll of noise {unknown}
Potions
 f - 2 potions of brilliance {unknown}
 g - a potion of invisibility
 h - a potion of magic {unknown}


   Skills:
 + Level 3.6 Fighting
 + Level 2.7 Long Blades
 + Level 2.5 Armour
 + Level 1.4 Dodging
 + Level 2.4 Invocations


You had 3 spell levels left.
You didn't know any spells.
Your spell library contained the following spells:

 Spells                   Type           Power      Damage    Failure   Level
 Poisonous Vapours        Pois/Air       0%         N/A       54%         2
 Corpse Rot               Necr/Pois/Air  0%         N/A       99%         4


Dungeon Overview and Level Annotations

Branches:
Dungeon (2/15)

Altars:

Annotations:
D:2 1 runed translucent door, Crazy Yiuf, Jessica


Innate Abilities, Weirdness & Mutations

You have a pair of small antennae on your head.


Message History

You kill the goblin!
Lugonu accepts your kill.
You can now banish your foes.
You slash the ball python!
You kill the ball python!
Lugonu accepts your kill.
You barely miss the goblin. The goblin hits you but does no damage.
You closely miss the goblin.
Jessica gestures wildly while chanting.
Jessica seems to speed up.
The goblin closely misses you.
You hit the goblin.
You kill the goblin!
Lugonu accepts your kill.
Jessica gestures wildly while chanting.
Jessica blinks!
Jessica hits you with a +0 club.
Okay, then.
You hit Jessica.
Jessica is severely wounded.
Jessica barely misses you. Jessica hits you with a +0 club.
You hit Jessica.
Jessica is almost dead.
Jessica casts a spell at you. Pain shoots through your body!
Jessica casts a spell.
Jessica blinks!
Okay, then.
You fade into invisibility!
Jessica grins evilly.
Jessica hits you with a +0 club.
You hit Jessica but do no damage.
Jessica is severely wounded.
Jessica closely misses you.
You closely miss Jessica.
Jessica is severely wounded.
Jessica points at you and mumbles some strange words.
Pain shoots through your body!
* * * LOW HITPOINT WARNING * * *
Jessica casts a spell at you. Pain shoots through your body!
You die...

.# .# .# ########## .# .
#........# .# ##..
#........# ###.#.....
#........#########....(....
#........@@..)...'...§.....
#........#########..†.....#
#####...## ###.#.#### #...#
.# # #...# .# #...# ##
###)..# ###.....#
##...#...# ######


You could see Jessica (fast, unable to see you).

Vanquished Creatures
  2 adders (D:2)
  A worm (D:2)
  A dart slug (D:1)
  An endoplasm (D:1)
  A giant cockroach (D:2)
  7 goblins
  5 hobgoblins
  10 jackals
  3 quokkas (D:2)
  5 ball pythons
  7 bats
  A frilled lizard (D:2)
  4 kobolds (D:1)
  3 rats (D:2)
51 creatures vanquished.

Notes
Turn   | Place    | Note
-------+----------+-------------------------------------------
     0 | Abyss:1  | lightspider the Demonspawn Abyssal Knight began the quest
                  | for the Orb.
     0 | Abyss:1  | Reached XP level 1. HP: 18/18 MP: 2/2
    64 | Abyss:1  | Found a corrupted altar of Lugonu.
   108 | Abyss:1  | Noticed an orange demon
   109 | D:1      | Escaped the Abyss
   465 | D:1      | Found a faded altar of an unknown god.
   480 | D:1      | Gained mutation: You have a pair of small antennae on your
                  | head. [demonic ancestry]
   480 | D:1      | Reached XP level 2. HP: 12/24 MP: 3/3
   830 | D:1      | Reached ** piety under Lugonu
  1486 | D:1      | Reached skill level 1 in Dodging
  1528 | D:1      | Reached XP level 3. HP: 29/29 MP: 4/4
  1564 | D:1      | Identified a scroll of acquirement
  1564 | D:1      | Acquired 1020 gold pieces
  1631 | D:2      | HP: 1/29 [adder (3)]
  1639 | D:2      | HP: 1/29 [poisoned by an adder]
  2420 | D:2      | Found a runed translucent door.
  2421 | D:2      | Noticed Crazy Yiuf
  2501 | D:2      | Reached XP level 4. HP: 30/36 MP: 5/5
  2657 | D:2      | Noticed Jessica
  2673 | D:2      | Reached *** piety under Lugonu
  2686 | D:2      | Killed from afar by Jessica

Illustrated notes

Levels and vault maps discovered:
D:1:      erik_arrival_cave_to_civilisation [erik_arrival_cave_to_hall],
          layout_basic, shapermc_ecumenical_altar_notcrosses,
          minmay_misc_feat_columns
D:2:      layout_basic, uniq_crazy_yiuf_cottage, uniq_jessica

Skill      XL: |  1  2 |
---------------+-------+-----
Long Blades    | 2 |  2.7
Armour         | 2 |  2.5
Dodging        | 1 |  1.4
Fighting       | |  3.6
Invocations    | |  2.4

Action                   |  1- 3 |  4- 6 || total
-------------------------+-------+-------++-------
Melee: Falchion          |   129 |    29 ||   158
Invok: Depart the Abyss  |     1 |       ||     1
  Use: Scroll            |     4 |       ||     4
       Potion            |     1 |     1 ||     2
 Stab: Sleeping          |       |     1 ||     1
Armor: Leather armour    |    52 |    13 ||    65
Dodge: Dodged            |   108 |    16 ||   124
